 Dungeon Crawl Stone Soup version 0.30-a0-778-g2ef04afb54 (webtiles) character file.

Game seed: 7331806257545314315

60 xian the Cudgeller (level 3, -3/30 HPs)
             Began as a Minotaur Gladiator on Feb 16, 2023.
             Killed by divine providence
             ... invoked by an orc priest
              (14 damage)
             ... on level 2 of the Dungeon.
             The game lasted 00:02:34 (1097 turns).

xian the Cudgeller (Minotaur Gladiator)             Turns: 1097, Time: 00:02:34

Health: -3/30      AC:  9    Str: 20    XL:     3   Next: 82%
Magic:  2/2        EV: 12    Int:  5    God:
Gold:   21         SH:  0    Dex: 11    Spells: 2/2 levels left

rFire   . . .      SeeInvis .    a - +0 flail
rCold   . . .      Faith    .    (no shield)
rNeg    . . .      Spirit   .    j - +0 ring mail
rPois   .          Reflect  .    c - +0 hat
rElec   .          Harm     .    (no cloak)
rCorr   .          Rampage  .    (no gloves)
Will    +....                    (no boots)
Stlth   +                        (no amulet)
HPRegen 0.25/turn                k - +4 ring of protection
MPRegen 0.08/turn                q - ring of willpower

@: no status effects
A: horns 2, retaliatory headbutt
a: no special abilities


You were on level 2 of the Dungeon.
You visited 1 branch of the dungeon, and saw 2 of its levels.

You collected 21 gold pieces.

Inventory:

Hand Weapons
 a - a +0 flail (weapon)
Missiles
 d - 3 throwing nets (quivered)
 e - a javelin
Armour
 c - a +0 hat (worn)
 j - a +0 ring mail (worn)
Jewellery
 k - a +4 ring of protection (left hand)
 q - a ring of willpower (right hand)
 t - a ring of resist corrosion
Scrolls
 g - a scroll of fear {unknown}
 h - a scroll of silence {unknown}
 l - a scroll of immolation {unknown}
 m - 2 scrolls of vulnerability {unknown}
 n - a scroll of enchant armour
 p - a scroll of magic mapping
 s - a scroll of enchant weapon
Potions
 b - a potion of curing {unknown}
 f - a potion of flight {unknown}
 i - a potion of berserk rage {unknown}
 o - 2 potions of lignification {unknown}
 r - a potion of might {unknown}


   Skills:
 + Level 2.9 Fighting
 + Level 4.6 Maces & Flails
 + Level 2.3 Throwing
 + Level 0.5 Armour
 + Level 3.8 Dodging
 + Level 0.3 Stealth


You had 2 spell levels left.
You didn't know any spells.
Your spell library was empty.

Dungeon Overview and Level Annotations

Branches:
Dungeon (2/15)

Altars:


Innate Abilities, Weirdness & Mutations

You have a pair of horns on your head.
You reflexively headbutt those who attack you in melee.


Message History

2 orcs come into view.
The orc shouts!
An orc comes into view. It is wielding a +0 flail.
The orc shouts!
An orc priest comes into view. It is wielding a +0 club.
You see here a dart slug corpse.
Okay, then.
You see here a dart slug corpse.
The orc attacks as you move away! The orc misses you. You furiously retaliate!
You headbutt the orc!
You kill the orc!
The orc completely misses you.
The orc priest shouts!
You thump the orc!
You kill the orc!
You closely miss the orc. The orc barely misses you.
You hit the orc.
The orc is moderately wounded.
The orc priest calls down the wrath of Beogh upon you.
Beogh smites you!
Ouch! That really hurt!
The orc hits you with a +0 flail.
You barely miss the orc.
The orc is moderately wounded.
The orc hits you but does no damage.
You barely miss the orc. You headbutt the orc.
The orc is almost dead.
The orc barely misses you. You furiously retaliate!
You headbutt the orc.
You kill the orc!
Your life force feels restored.
Things that are here:
a +0 flail; a +0 whip; an orc corpse You closely miss the orc priest.
The orc priest hits you but does no damage.
The orc priest closely misses you.
You hit the orc priest. You headbutt the orc priest.
The orc priest is moderately wounded.
The orc priest mumbles some strange prayers to Beogh against you.
Beogh smites you!
You die...

####..... ....###†# #.####.#.....
.....[..... #..# #.# #......†
..##... ... #.## #.## ####....
..##.# .... #.# #..# ##...
...#.## #...###.#####.######....
......#### #.....................
.........######.######.##.....)##
..#)............####....#..###...
..........†...#o@.........######.
................####....#........
#####.######.......#...........#.
#...........####.....>........##
#.........### ####...........##
#........## #....##.....#
#........# #....##.....#
#........# #############
##########


You could see an orc priest.

Vanquished Creatures
  A worm (D:2)
  4 dart slugs
  3 orcs (D:2)
  A ball python (D:1)
  2 bats
  3 endoplasms (D:1)
  3 giant cockroaches
  3 goblins (D:1)
  5 hobgoblins
  3 jackals (D:1)
  3 quokkas
  6 frilled lizards
  3 kobolds (D:1)
  A rat (D:2)
41 creatures vanquished.

Notes
Turn   | Place    | Note
-------+----------+-------------------------------------------
     0 | D:1      | xian the Minotaur Gladiator began the quest for the Orb.
     0 | D:1      | Reached XP level 1. HP: 18/18 MP: 0/0
   266 | D:1      | Reached XP level 2. HP: 25/25 MP: 1/1
   356 | D:1      | Reached skill level 4 in Maces & Flails
   379 | D:1      | Reached XP level 3. HP: 25/27 MP: 2/2
  1097 | D:2      | Killed from afar by an orc priest

Illustrated notes

Levels and vault maps discovered:
D:1:      dpeg_arrival_three_bigger_balls, layout_loops_ring
D:2:      layout_rooms, basic_altar, nicolae_titane

Skill      XL: |  1  2 |
---------------+-------+-----
Maces & Flails | 4 |  4.6
Fighting       | |  2.9
Throwing       | |  2.3
Armour         | |  0.5
Dodging        | |  3.8
Stealth        | |  0.3

Action                     || total
---------------------------++-------
  Melee: Flail             ||    76
         Headbutt          ||    11
    Use: Scroll            ||     3
 Armour: Leather armour    ||     5
         Ring mail         ||    38
  Dodge: Dodged            ||    44

Table legend: (Time is in decaauts)
 A = Elapsed time spent in this place.
 B = Non-inter-level travel time spent in this place.
 C = Inter-level travel time spent in this place.
 D = Time resting spent in this place.
 E = Time spent auto-exploring this place.
 F = Levels seen in this place.
 G = Mean time per level.
                   A        B        C        D        E       F      G
               +--------+--------+--------+--------+--------+-----+--------+
         Total |   1110 |   1103 |      7 |      0 |    732 |   2 |  555.0 |
       Dungeon |   1110 |   1103 |      7 |      0 |    732 |   2 |  555.0 |
               +--------+--------+--------+--------+--------+-----+--------+

Top non-repeatable levels by time:
     D:1: 850 daAuts
     D:2: 259 daAuts
